 Dungeon Crawl Stone Soup version 0.28-a0-312-gbced6e68ee (webtiles) character file.

Game seed: 18366841407431674869

948 theanonym the Cleaver (level 7, -5/64 HPs)
             Began as a Minotaur Cinder Acolyte on Aug 30, 2021.
             Was a High Priest of Ignis.
             Slain by Pikel (19 damage)
             ... on level 6 of the Dungeon.
             The game lasted 00:04:20 (5320 turns).

theanonym the Cleaver (Minotaur Cinder Acolyte)     Turns: 5320, Time: 00:04:21

Health: -5/64      AC: 11    Str: 21    XL:     7   Next: 89%
Magic:  7/7        EV: 10    Int: 10    God:    Ignis [*****.]
Gold:   174        SH:  0    Dex:  6    Spells: 7/8 levels left

rFire   + . .      SeeInvis .   a - +0 broad axe
rCold   . . .      Faith    .   (no shield)
rNeg    . . .      Spirit   .   d - +2 ring mail {rPois}
rPois   +          Reflect  .   (helmet restricted)
rElec   .          Harm     .   (no cloak)
rCorr   .          Rampage  .   b - +2 pair of gloves of the Shining Light {Fly}
Will    .....                   (no boots)
Stlth   ..........              (no amulet)
HPRegen 0.20/turn               (no ring)
MPRegen 0.10/turn               (no ring)

@: flying
A: horns 2, retaliatory headbutt
a: Renounce Religion, Sea of Fire, Foxfire Swarm, Rising Flame


Innate Abilities, Weirdness & Mutations

You have a pair of horns on your head.
You reflexively headbutt those who attack you in melee.


   Skills:
 + Level 6.8 Fighting
 * Level 9.0 Axes
 + Level 3.7 Armour
 - Level 1.0 Spellcasting
 - Level 0.6 Fire Magic


You had 7 spell levels left.
You knew the following spells:

 Your Spells              Type           Power      Damage    Failure   Level
a - Foxfire               Conj/Fire      4%         2x1d4     45%         1

Your spell library contained the following spells:

 Spells                   Type           Power      Damage    Failure   Level
 Animate Dead             Necr           0%         N/A       99%         4
 Dispel Undead            Necr           0%         3d6       99%         4
 Iskenderun's Mystic Bla  Conj/Tloc      0%         2d3       99%         4

Skill      XL: |  1  2  3  4  5  6  7 |
---------------+----------------------+-----
Axes           | 4 5 6 7 9 |  9.0
Fighting       | 4 5 6 |  6.8
Armour         | 2 3 |  3.7
Spellcasting   | |  1.0
Fire Magic     | |  0.6

Action                   |  1- 3 |  4- 6 |  7- 9 || total
-------------------------+-------+-------+-------++-------
Melee: Hand axe          |   106 |    42 |       ||   148
       Headbutt          |    10 |     7 |    12 ||    29
       Broad axe         |       |    26 |    69 ||    95
Evoke: Wand              |       |     1 |     5 ||     6
  Use: Potion            |     2 |     6 |       ||     8
       Scroll            |       |     1 |     6 ||     7
Armor: Robe              |     7 |       |       ||     7
       Leather armour    |    15 |       |       ||    15
       Ring mail         |    16 |    34 |    38 ||    88
Dodge: Dodged            |    64 |    37 |    40 ||   141

Inventory:

Hand Weapons
 a - a +0 broad axe (weapon)
Armour
 b - the +2 pair of gloves of the Shining Light (worn) {Fly}

   Fly:       It grants you flight.
 d - a +2 ring mail of poison resistance (worn)
Wands
 g - a wand of iceblast (4)
 w - a wand of flame (17)
Scrolls
 c - a scroll of fear
 f - a scroll of fog
 k - a scroll of enchant armour
 r - a scroll of identify
 t - 2 scrolls of teleportation
 y - a scroll of magic mapping
Potions
 e - 2 potions of lignification
 h - a potion of haste
 i - 2 potions of ambrosia {unknown}


You were on level 6 of the Dungeon.
You worshipped Ignis.
Ignis was extremely pleased with you.
You visited 1 branch of the dungeon, and saw 6 of its levels.

You collected 174 gold pieces.

Dungeon Overview and Level Annotations

Branches:
Dungeon (6/15)
 Temple: D:4-7

Altars:
Fedhas
Uskayaw
Yredelemnul

Annotations:
D:5 exclusion: oklob plant
D:6 Pikel

# ##. #####
..#######......
....#.@K5#
#..#.####
############..#.#
..#... ......)..#
#.#.##########.##
#........# #.#
....####.# #.#
##### #.#####.#
#.......#


You could see Pikel and a lemure.

Notes
Turn   | Place    | Note
-------+----------+-------------------------------------------
     0 | D:1      | theanonym the Minotaur Cinder Acolyte began the quest for
                  | the Orb.
     0 | D:1      | Reached XP level 1. HP: 19/19 MP: 1/1
    10 | D:1      | HP: 6/19 [frozen (4)]
   434 | D:1      | Reached skill level 4 in Axes
   440 | D:1      | Reached XP level 2. HP: 22/27 MP: 2/2
   623 | D:1      | Found a faded altar of an unknown god.
   627 | D:1      | Reached skill level 4 in Fighting
   784 | D:1      | Reached XP level 3. HP: 33/33 MP: 3/3
  1866 | D:3      | Reached skill level 5 in Axes
  2134 | D:3      | HP: 16/34 [gnoll (3)]
  2139 | D:3      | HP: 7/34 [gnoll (7)]
  2140 | D:3      | Reached XP level 4. HP: 9/41 MP: 4/4
  2141 | D:3      | HP: 3/41 [gnoll (6)]
  2900 | D:4      | Found a hide-covered altar of Uskayaw.
  3129 | D:4      | Noticed Duvessa
  3129 | D:4      | Noticed Dowan
  3133 | D:4      | HP: 18/41 [Duvessa (9)]
  3134 | D:4      | HP: 5/41 [Duvessa (9)]
  3146 | D:4      | HP: 18/41 [Dowan (4)]
  3147 | D:4      | Killed Dowan
  3147 | D:4      | HP: 8/41 [Duvessa (10)]
  3148 | D:4      | Reached skill level 5 in Fighting
  3148 | D:4      | Reached skill level 6 in Axes
  3148 | D:4      | Reached XP level 5. HP: 10/48 MP: 5/5
  3150 | D:4      | Killed Duvessa
  3151 | D:4      | Reached XP level 6. HP: 11/56 MP: 6/6
  3506 | D:4      | Reached skill level 7 in Axes
  3508 | D:4      | Identified the +2 pair of gloves of the Shining Light {Fly}
  3520 | D:4      | Found a basalt altar of Yredelemnul.
  3672 | D:4      | Reached skill level 1 in Armour
  3709 | D:5      | Entered Level 5 of the Dungeon
  3709 | D:5      | Noticed a water moccasin
  3723 | D:5      | Killed a water moccasin
  3857 | D:5      | Reached skill level 6 in Fighting
  3857 | D:5      | Reached skill level 2 in Armour
  3857 | D:5      | Reached XP level 7. HP: 42/63 MP: 7/7
  3865 | D:5      | Reached skill level 8 in Axes
  4067 | D:5      | Reached skill level 3 in Armour
  4201 | D:5      | Found a blossoming altar of Fedhas.
  4244 | D:5      | Noticed an oklob plant
  4739 | D:5      | Got Spellcraft Continued
  5309 | D:6      | Reached skill level 9 in Axes
  5314 | D:6      | Noticed Pikel
  5317 | D:6      | HP: 32/64 [Pikel (17)]
  5320 | D:6      | HP: 14/64 [Pikel (3)]
  5320 | D:6      | Slain by Pikel

Vanquished Creatures
  A water moccasin (D:5)
  Duvessa (D:4)
  A black bear (D:5)
  An ogre (D:5)
  A centaur (D:5)
  A kobold brigand (D:5)
  A scorpion (D:4)
  Dowan (D:4)
  A water moccasin skeleton (D:6)
  A hound (D:5)
  An iguana (D:5)
  A bullfrog skeleton (D:5)
  3 adders
  4 gnolls
  An ufetubus (D:4)
  A worm (D:4)
  A dart slug (D:1)
  4 orcs
  8 endoplasms
  3 giant cockroaches
  7 goblins
  4 hobgoblins
  2 jackals (D:5)
  22 kobolds
  4 quokkas
  2 ball pythons
  4 bats
  A frilled lizard (D:3)
  7 rats
90 creatures vanquished.

Vanquished Creatures (others)
  19 fungi (D:5)
  41 plants (D:5)
  A withered plant (D:4)
61 creatures vanquished.

Grand Total: 151 creatures vanquished

Table legend: (Time is in decaauts)
 A = Elapsed time spent in this place.
 B = Non-inter-level travel time spent in this place.
 C = Inter-level travel time spent in this place.
 D = Time resting spent in this place.
 E = Time spent auto-exploring this place.
 F = Levels seen in this place.
 G = Mean time per level.
                   A        B        C        D        E       F      G
               +--------+--------+--------+--------+--------+-----+--------+
         Total |   5325 |   5206 |    119 |   1429 |   3252 |   6 |  887.5 |
       Dungeon |   5325 |   5206 |    119 |   1429 |   3252 |   6 |  887.5 |
               +--------+--------+--------+--------+--------+-----+--------+

Top non-repeatable levels by time:
     D:5: 1571 daAuts
     D:3: 987 daAuts
     D:4: 976 daAuts
     D:1: 884 daAuts
     D:2: 851 daAuts
     D:6: 55 daAuts
